 Dungeon Crawl Stone Soup version 0.29-a0-555-g3b24f45cc1 (console) character file.

Game seed: 5155392513570963202

210 om the Skirmisher (level 6, -10/48 HPs)
             Began as a Djinni Cinder Acolyte on June 7, 2022.
             Was a High Priest of Ignis.
             Mangled by Crazy Yiuf
             ... wielding a +4 quarterstaff of chaos
              (16 damage)
             ... on level 3 of the Dungeon.
             The game lasted 00:06:53 (4718 turns).

om the Skirmisher (Djinni Cinder Acolyte)           Turns: 4718, Time: 00:06:54

Health: -10/48     AC:  4    Str: 13    XL:     6   Next: 12%
Gold:   161        EV: 11    Int: 22    God:    Ignis [*****.] SH:  0 Dex: 10

rFire   + + +      SeeInvis .   a - -1 falchion (flame)
rCold   x . .      Faith    .   (no shield)
rNeg    . . .      Spirit   .   b - +0 robe
rPois   ∞          Reflect  .   (no helmet)
rElec   .          Harm     .   f - +0 cloak
rCorr   .          Rampage  .   k - +0 pair of gloves
Will    .....                   (boots unavailable)
Stlth   +.........              (no amulet)
HPRegen 0.16/turn               m - +6 ring of intelligence
MPRegen 0.00/turn               (no ring)

@: flying, very slightly contaminated
A: sickness immunity, fire resistance 2, cold vulnerability 1, float, innate
caster, HP casting, extra vitality 1
a: Renounce Religion, Fiery Armour, Foxfire Swarm, Rising Flame


You were on level 3 of the Dungeon.
You worshipped Ignis.
Ignis was extremely pleased with you.
You visited 1 branch of the dungeon, and saw 3 of its levels.

You collected 161 gold pieces.

Inventory:

Hand Weapons
 a - a -1 falchion of flaming (weapon)
Armour
 b - a +0 robe (worn)
 f - a +0 cloak (worn)
 k - a +0 pair of gloves (worn)
Jewellery
 m - a +6 ring of intelligence (left hand)
Wands
 j - a wand of polymorph (14)
Scrolls
 h - a scroll of enchant armour {unknown}
 l - a scroll of enchant weapon {unknown}
 n - a scroll of identify {unknown}
Potions
 c - a potion of magic {unknown}
 d - a potion of resistance {unknown}
 e - a potion of mutation {unknown}
 g - 3 potions of curing
 i - a potion of brilliance {unknown}


   Skills:
 + Level 4.3 Fighting
 + Level 4.0 Long Blades
 + Level 3.4 Spellcasting


You had 6 spell levels left.
You knew the following spells:

 Your Spells              Type           Power      Damage    Failure   Level
a - Scorch                Fire           36%        2d6       4%          2
b - Summon Small Mammal   Summ           72%        N/A       3%          1
c - Blink                 Tloc           36%        N/A       4%          2
Your spell library was empty.

Dungeon Overview and Level Annotations

Branches:
Dungeon (3/15)

Altars:

Annotations:
D:3 1 runed translucent door, Crazy Yiuf; zishaf's ghost, amateur DgWn


Innate Abilities, Weirdness & Mutations

You are immune to sickness and miasma.
You are immune to poison.
Your flesh is very heat resistant. (rF++)
You are vulnerable to cold. (rC-)
You float through the air rather than walking.
You learn spells naturally, not from books.
Your magical power is your life essence.
You have superior vitality. (+4 MHP)


Message History

3 boomerangs; a +0 flail
Things that are here:
a +0 robe; a +0 dagger
Found 6 poisoned darts.
A ball python comes into view.
A ball python is nearby!
A ball python is nearby!
Flames lash the ball python.
You kill the ball python!
Found an escape hatch in the floor.
There is an escape hatch in the floor here.
You reach down and open the door.
There is an open door here.
You reach down and open the door.
Found a mace.
Found a runed translucent door.
Crazy Yiuf shouts!
Crazy Yiuf twirls on the spot.
You reach down and open the door.
Flames lash Crazy Yiuf.
Crazy Yiuf is heavily wounded.
Crazy Yiuf's fire resistance burns away.
Crazy Yiuf hits you with a +4 quarterstaff of chaos!
Flames lash Crazy Yiuf.
Crazy Yiuf is burned terribly!
Crazy Yiuf is almost dead.
Crazy Yiuf flaps his cloak.
Crazy Yiuf hits you with a +4 quarterstaff of chaos!
You miscast Scorch.
You are very lightly contaminated with residual magic.
Nothing appears to happen.
Crazy Yiuf flaps his cloak.
Crazy Yiuf hits you with a +4 quarterstaff of chaos!
* * * LOW HITPOINT WARNING * * *
You are too injured to fight recklessly!
Unknown command.
Casting: Scorch (safe; 4% risk of failure)
Press: ? - help, Q - select action, (/) - cycle Dir - look around, f - activate You miscast Scorch.
Nothing appears to happen.
* * * LOW HITPOINT WARNING * * *
Crazy Yiuf hits you with a +4 quarterstaff of chaos!
You die...

##+## ##...##
##.....# ##....###
###.....#
..'.....##♣♣♣♣♣
###.........♣.♣♣♣
###
##.........♣..♣#...#
##.......♣♣♣♣@g...#
##.....♣♣ ♣♣#..)#
####'##♣♣ ### #....#
#.##.# #.##.#### ###
####.#...#.# #.#
#..........######.#
..##.#............#


You could see Crazy Yiuf (combustible).

Vanquished Creatures
  2 orc priests (D:3)
  Jessica (D:2)
  5 adders
  A worm (D:3)
  A dart slug (D:1)
  5 orcs (D:3)
  6 bats
  9 endoplasms
  5 giant cockroaches
  4 goblins
  3 hobgoblins
  3 quokkas
  6 ball pythons
  A frilled lizard (D:1)
  4 kobolds
  5 rats
61 creatures vanquished.

Vanquished Creatures (others)
  An orc wizard (D:3)
1 creature vanquished.

Grand Total: 62 creatures vanquished

Notes
Turn   | Place    | Note
-------+----------+-------------------------------------------
     0 | D:1      | om the Djinni Cinder Acolyte began the quest for the Orb.
     0 | D:1      | Reached XP level 1. HP: 20/20 MP: 0/0
   188 | D:1      | Reached XP level 2. HP: 18/25 MP: 0/0
   941 | D:1      | Found a faded altar of an unknown god.
  1043 | D:1      | Reached XP level 3. HP: 22/30 MP: 0/0
  1043 | D:1      | Learned a level 1 spell: Summon Small Mammal
  2124 | D:2      | Reached XP level 4. HP: 25/36 MP: 0/0
  2409 | D:2      | Noticed Jessica
  2413 | D:2      | Killed Jessica
  2924 | D:3      | Reached XP level 5. HP: 39/41 MP: 0/0
  2924 | D:3      | Learned a level 2 spell: Blink
  4036 | D:3      | Reached XP level 6. HP: 23/48 MP: 0/0
  4472 | D:3      | Found a runed translucent door.
  4477 | D:3      | Noticed zishaf's ghost (amateur DgWn)
  4710 | D:3      | Found a runed translucent door.
  4711 | D:3      | Noticed Crazy Yiuf
  4718 | D:3      | Mangled by Crazy Yiuf

Illustrated notes

Levels and vault maps discovered:
D:1:      roderic_dead_forest, layout_rooms,
          hellmonk_ecumenical_altar_inner_sanctum
D:2:      layout_loops_ring, minmay_surrounded, uniq_jessica
D:3:      layout_loops_corners, ebering_ghost_reflecting_pool,
          uniq_crazy_yiuf_cottage

Skill      XL: |  1  2  3  4  5 |
---------------+----------------+-----
Long Blades    | 3 4 |  4.0
Spellcasting   | 3 |  3.4
Fighting       | 4 |  4.3

Action                   |  1- 3 |  4- 6 || total
-------------------------+-------+-------++-------
Melee: Falchion          |    55 |    26 ||    81
 Cast: Scorch            |    24 |    38 ||    62
  Use: Scroll            |     4 |     1 ||     5
       Potion            |       |     1 ||     1
Armor: Robe              |    34 |    13 ||    47
Dodge: Dodged            |    79 |    17 ||    96

Table legend: (Time is in decaauts)
 A = Elapsed time spent in this place.
 B = Non-inter-level travel time spent in this place.
 C = Inter-level travel time spent in this place.
 D = Time resting spent in this place.
 E = Time spent auto-exploring this place.
 F = Levels seen in this place.
 G = Mean time per level.
                   A        B        C        D        E       F      G
               +--------+--------+--------+--------+--------+-----+--------+
         Total |   4730 |   4651 |     79 |   2339 |   1829 |   3 | 1576.7 |
       Dungeon |   4730 |   4651 |     79 |   2339 |   1829 |   3 | 1576.7 |
               +--------+--------+--------+--------+--------+-----+--------+

Top non-repeatable levels by time:
     D:2: 1680 daAuts
     D:3: 1575 daAuts
     D:1: 1473 daAuts
